AoeStats
← DKing

African Clearing

510361210Analyzed
4v4 RM · 17h ago on Sep 30, 2026· 54m 47s· 8 players
Game mode
Random Map
Map size
Large (8 player)
Population
200
Speed
Normal
Resources
Standard
Victory
Conquest
Starting age
Dark Age
Ending age
Imperial Age
RankedLock teamsTeams togetherTeam positionsShared explorationLock speedFull tech treeHidden civsTurbo modeCheats
Victory
Defeat
🇲🇽 Danes · Mexico
1272
+16
🇧🇷 Franks · Brazil
1269
+16
🇹🇷 Huns · Türkiye
1263
+16
🇵🇹 Mongols · Portugal
1240
+17
🇨🇳 Franks · China
1317
-19
🇨🇳 Huns · China
1269
-16
🇷🇺 Jurchens · Russia
1262
-16
🇨🇳 Spanish · China
1209
-14
Yunus
3:27 Loom
12:28 Feudal Age
13:33 Double-Bit Axe
18:34 Castle Age
18:18 Bloodlines
18:00 Fletching
19:24 Padded Archer Armor
22:07 Husbandry
24:47 Wheelbarrow
25:21 Leather Archer Armor
27:28 Ballistics
27:46 Horse Collar
29:39 Bodkin Arrow
30:54 Thumb Ring
31:59 Town Watch
32:38 Stone Mining
32:39 Gold Mining
35:12 Bow Saw
40:36 Imperial Age
40:20 Hand Cart
41:47 Parthian Tactics
41:24 Bracer
42:32 Conscription
43:25 Chemistry
44:27 Marauders
44:52 Forging
44:48 Scale Barding Armor
46:54 Iron Casting
46:39 Chain Barding Armor
49:00 Heavy Cavalry Archer
50:03 Heavy Plow
51:05 Two-Man Saw
50:50 Cavalier
55:16 Blast Furnace
54:05 Light Cavalry
54:45 Hussar
DKing
4:00 Loom
4:27 Loom
11:33 Feudal Age
12:17 Double-Bit Axe
20:34 Castle Age
19:48 Horse Collar
22:19 Bloodlines
22:10 Husbandry
27:41 Town Watch
28:32 Bow Saw
28:44 Fletching
34:00 Wheelbarrow
37:36 Imperial Age
35:23 Hand Cart
35:41 Gold Mining
36:10 Bodkin Arrow
36:18 Padded Archer Armor
37:08 Scale Barding Armor
37:48 Capped Ram
37:58 Elite Mangudai
39:01 Conscription
40:00 Bracer
39:56 Siege Ram
41:51 Light Cavalry
43:40 Hussar
44:32 Forging
44:55 Leather Archer Armor
49:02 Drill
49:42 Iron Casting
49:20 Heavy Plow
50:32 Chain Barding Armor
51:01 Scale Mail Armor
50:23 Pikeman
51:04 Squires
52:36 Nomads
53:24 Parthian Tactics
53:35 Ballistics
54:16 Chemistry
53:12 Murder Holes
53:27 Fortified Wall
53:28 Masonry
53:08 Elite Steppe Lancer
54:41 Chain Mail Armor
55:27 Blast Furnace
MattVini
4:57 Loom
12:53 Feudal Age
14:13 Double-Bit Axe
35:37 Wheelbarrow
35:06 Stone Mining
35:07 Gold Mining
39:29 Castle Age
40:32 Bow Saw
40:58 Gold Shaft Mining
44:43 Hand Cart
52:39 Imperial Age
52:17 Scale Barding Armor
52:24 Forging
54:38 Iron Casting
54:24 Chain Barding Armor
54:24 Cavalier
Antonio El Conquistador
6:16 Loom
14:18 Feudal Age
17:53 Castle Age
16:10 Scale Mail Armor
15:58 Double-Bit Axe
16:54 Forging
18:43 Squires
19:01 Chain Mail Armor
28:51 Iron Casting
29:44 Town Watch
32:55 Wheelbarrow
32:01 Horse Collar
33:08 Arson
33:14 Gambesons
38:45 Hand Cart
39:38 Heavy Plow
39:56 Man-at-Arms
41:57 Ballistics
41:35 Murder Holes
41:07 Long Swordsman
43:03 Gold Mining
44:23 Stone Mining
46:03 Fletching
47:44 Pikeman
51:57 Imperial Age
52:04 Two-Handed Swordsman
53:20 Plate Mail Armor
54:40 Blast Furnace
53:19 Champion
羊了个羊
11:05 Loom
13:45 Feudal Age
19:00 Castle Age
17:57 Double-Bit Axe
24:03 Husbandry
26:10 Scale Barding Armor
28:31 Forging
29:53 Scale Mail Armor
29:29 Man-at-Arms
29:54 Gambesons
30:54 Squires
32:26 Long Swordsman
34:41 Chain Barding Armor
37:57 Iron Casting
37:42 Gold Mining
38:05 Bow Saw
38:57 Chain Mail Armor
43:13 Imperial Age
44:39 Plate Mail Armor
44:57 Gold Shaft Mining
44:06 Two-Handed Swordsman
44:32 Arson
45:34 Champion
46:39 Stone Mining
46:17 Cavalier
48:31 Plate Barding Armor
52:29 Blast Furnace
52:44 Wheelbarrow
51:47 Pikeman
52:45 Halberdier
钓你吗钓
10:34 Loom
12:47 Feudal Age
16:33 Castle Age
14:53 Gold Mining
24:13 Horse Collar
25:23 Padded Archer Armor
33:53 Leather Archer Armor
33:30 Double-Bit Axe
36:00 Fletching
37:50 Husbandry
38:47 Wheelbarrow
38:41 Bodkin Arrow
42:11 Imperial Age
42:00 Bloodlines
43:34 Ring Archer Armor
43:47 Bracer
43:43 Elite Skirmisher
山水先生
13:40 Feudal Age
18:05 Castle Age
16:42 Double-Bit Axe
16:39 Horse Collar
17:15 Loom
17:17 Town Watch
20:25 Bow Saw
22:59 Scale Barding Armor
23:05 Forging
37:45 Fletching
44:51 Gold Mining
46:07 Wheelbarrow
Mr. Penis
13:30 Feudal Age
11:48 Loom
23:39 Double-Bit Axe
25:31 Horse Collar
27:57 Wheelbarrow
28:53 Gold Mining
29:02 Man-at-Arms
31:48 Castle Age
33:24 Bloodlines
33:14 Husbandry
34:30 Bow Saw
38:45 Fletching
40:42 Heavy Plow
41:35 Town Watch
45:13 Gold Shaft Mining
44:32 Stone Mining
45:04 Scale Barding Armor
45:44 Forging
48:29 Imperial Age
46:50 Hand Cart
46:35 Town Patrol
Connection lost

Rejoining the realm…

Still unreachable

The connection could not be restored.

Session expired

The server has moved on; the page needs a fresh start.